 Dungeon Crawl Stone Soup version 0.32-a0-872-g59262bdc9b (webtiles) character file.

Game seed: 12624261377143042163

6 Autsider the Sneak (level 1, 0/9 HPs)
             Began as a Spriggan Enchanter on Mar 30, 2024.
             Succumbed to a goblin's poison
             ... on level 1 of the Dungeon.
             The game lasted 00:01:14 (116 turns).

Autsider the Sneak (Spriggan Enchanter)              Turns: 116, Time: 00:01:14

Health: 0/9        AC:  2    Str:  4    XL:     1   Next: 75%
Magic:  5/5        EV: 16    Int: 16    God:
Gold:   17         SH:  0    Dex: 15    Spells: 5/5 levels left

rFire   . . .        a - +1 dagger
rCold   . . .        (no shield)
rNeg    . . .        b - +0 robe
rPois   .            (helmet restricted)
rElec   .            (no cloak)
rCorr   .            (gloves unavailable)
SInv    +            (boots unavailable)
Will    .....        (no amulet)
Stlth   +++          (no ring)
HPRegen 0.21/turn    (no ring)
MPRegen 0.09/turn

%: no passive effects
@: lethally poisoned (0 -> -2), very quick
A: very small, no large weapons, unfitting armour, see invisible, speed 3
a: no special abilities


You were on level 1 of the Dungeon.
You visited 1 branch of the dungeon, and saw 1 of its levels.

You collected 17 gold pieces.

Inventory:

Hand Weapons
 a - a +1 dagger (weapon)
Armour
 b - a +0 robe (worn)
Potions
 c - 2 potions of invisibility


   Skills:
 * Level 0.3 Fighting
 + Level 1.2 Short Blades
 + Level 2.8 Dodging
 + Level 4.5 Stealth
 + Level 2.7 Spellcasting
 + Level 3.7 Hexes


You had 5 spell levels left.
You didn't know any spells.
Your spell library contained the following spells:

 Spells                   Type           Power      Damage    Failure   Level
 Confusing Touch          Hex            14%        N/A       12%         3
 Tukima's Dance           Hex            14%        N/A       12%         3
 Ensorcelled Hibernation  Hex/Ice        16%        N/A       14%         2
 Dazzling Flash           Conj/Hex       16%        N/A       26%         3


Dungeon Overview and Level Annotations

Branches:
Dungeon (1/15)

Altars:


Innate Abilities, Weirdness & Mutations

You are very small and have problems with some larger weapons.
You are too small for most types of armour.
You have supernaturally acute eyesight. (SInv)
You cover ground extremely quickly. (Speed+++)


Message History

The ball python completely misses you. The ball python closely misses you.
You hit the ball python.
You kill the ball python!
There is a fountain of clear blue water here.
A dart slug comes into view.
There is a fountain of clear blue water here.
Found 4 gold pieces.
You barely miss the dart slug. You hit the dart slug.
The dart slug is moderately wounded.
The dart slug bites you.
You hit the dart slug.
The dart slug is severely wounded.
The dart slug launches a dart at you. The slug dart misses you.
You hit the dart slug.
You kill the dart slug!
No target in view!
A goblin comes into view. It is wielding a +1 dagger of venom.
You see here 4 gold pieces.
You now have 17 gold pieces (gained 4).
Found a scale mail.
The goblin shouts!
The goblin hits you but does no damage.
You are lethally poisoned!
You closely miss the goblin.
You feel very sick. The goblin misses you.
You barely miss the goblin.
You feel sick. The goblin barely misses you.
* * * LOW HITPOINT WARNING * * *
You feel sick.
* * * LOW HITPOINT WARNING * * *
You feel sick.
* * * LOW HITPOINT WARNING * * *
You feel sick.
* * * LOW HITPOINT WARNING * * *
You feel sick.
* * * LOW HITPOINT WARNING * * *
You feel sick.
You die...

### #.. ..# #.# #
#.# #.# # #.# #.# #
#.# #.# #
.######.########.# #
.................###
# #..@...........# #
#..............# #
#.........##.### #
#.........#⌠.⌠# #
#.........##.## #
#g........#⌠_⌠# ##
#.........##.## ###.
#.........#⌠.⌠###...
#.........##.##.#...


You could see a goblin.

Vanquished Creatures
  A dart slug (D:1)
  2 ball pythons (D:1)
  A kobold (D:1)
4 creatures vanquished.

Notes
Turn   | Place    | Note
-------+----------+-------------------------------------------
     0 | D:1      | Autsider the Spriggan Enchanter began the quest for the
                  | Orb.
     0 | D:1      | Reached XP level 1. HP: 9/9 MP: 5/5
    56 | D:1      | Found a faded altar of an unknown god.
   116 | D:1      | Succumbed to a goblin's poison

Illustrated notes

Levels and vault maps discovered:
D:1:      lemuel_arrival_lava_pool, layout_basic, ebering_ecumenical_altar_hall,
          amcnicky_mini_corridor_feature, serial_park_tiny_2,
          nicolae_shop_unique_rings, chequers_mini_garden,
          minmay_misc_feat_diagonals

Action                     || total
---------------------------++-------
  Melee: Dagger            ||    14
 Armour: Robe              ||     3
  Dodge: Dodged            ||     9

Table legend: (Time is in decaauts)
 A = Elapsed time spent in this place.
 B = Non-inter-level travel time spent in this place.
 C = Inter-level travel time spent in this place.
 D = Time resting spent in this place.
 E = Time spent auto-exploring this place.
 F = Levels seen in this place.
 G = Mean time per level.
                   A        B        C        D        E       F      G
               +--------+--------+--------+--------+--------+-----+--------+
         Total |     78 |     78 |      0 |      0 |     32 |   1 |   78.0 |
       Dungeon |     78 |     78 |      0 |      0 |     32 |   1 |   78.0 |
               +--------+--------+--------+--------+--------+-----+--------+

Top non-repeatable levels by time:
     D:1: 78 daAuts
